 Dungeon Crawl Stone Soup version 0.26-a0-412-ga3d1f51b (webtiles) character file.

Game seed: 9364852269990047815

79 silenth the Slasher (level 4, -2/28 HPs)
             Began as a Deep Elf Berserker on July 24, 2020.
             Was a Follower of Trog.
             Shot with a stone by a goblin (4 damage)
             ... led by Robin
             ... on level 2 of the Dungeon.
             The game lasted 00:01:52 (1680 turns).

silenth the Slasher (Deep Elf Berserker)            Turns: 1680, Time: 00:01:52

Health: -2/28      AC:  4    Str: 15    XL:     4   Next: 16%
Magic:  6/6        EV: 13    Int: 12    God:    Trog [*.....]
Gold:   20         SH:  0    Dex: 14    Spells: 3/3 levels left

rFire    + . .     SeeInvis .   a - +2 scimitar (elec)
rCold    + . .     Faith    .   (no shield)
rNeg     . . .     Spirit   .   d - +2 robe {rC+}
rPois    .         Reflect  .   (no helmet)
rElec    +         Harm     .   (no cloak)
rCorr    .                      (no gloves)
MR       .....                  (no boots)
Stlth    +.........             (no amulet)
HPRegen  0.09/turn              (no ring)
MPRegen  0.10/turn              (no ring)

@: no status effects
A: claws 1, fire resistance 1, electricity resistance
a: Berserk, Renounce Religion


You were on level 2 of the Dungeon.
You worshipped Trog.
Trog was aware of your devotion.
You visited 1 branch of the dungeon, and saw 2 of its levels.

You collected 20 gold pieces.

Inventory:

Hand Weapons
 a - a +2 scimitar of electrocution (weapon)
 f - a +0 falchion
Armour
 b - a +0 animal skin
 d - a +2 robe of cold resistance (worn)
Potions
 c - a potion of flight


   Skills:
 + Level 3.1 Fighting
 * Level 4.0 Long Blades
 - Level 1.5 Armour
 - Level 2.4 Dodging


You had 3 spell levels left.
You didn't know any spells.
Your spell library was empty.

Dungeon Overview and Level Annotations

Branches:
Dungeon (2/15)

Altars:
Dithmenos

Annotations:
D:2 Robin


Innate Abilities, Weirdness & Mutations

You have sharp fingernails.
Your flesh is heat resistant. (rF+)
You are resistant to electric shocks. (rElec)


Message History

You barely miss the goblin. The goblin barely misses you.
You riposte.
You closely miss the goblin. You closely miss the goblin.
The goblin barely misses you.
You hit the goblin but do no damage. The goblin barely misses you.
You barely miss the goblin. The goblin barely misses you.
You hit the goblin.
You kill the goblin!
Trog accepts your kill.
Robin roars a battlecry!
The goblins go into a battle-frenzy!
There is a stone staircase leading down here.
The goblin shoots a stone.
The stone hits you.
* * * LOW HITPOINT WARNING * * *
You see here a stone.
The goblin shoots a stone.
The stone misses you. The goblin hits you.
* * * LOW HITPOINT WARNING * * *
Okay, then.
The goblin shoots a stone.
The stone hits you.
You die...

######## #......#
#.##.#.## #.#.###.##
##g.## ##.#
##(#..###.##############
##.###..#................
#g## ##...#####..#####.##
##.###g#@.# #..# #.#
##†#..#..# #..#####g##
###(..#..# #..#....#.#
#........#####......###.
#.#...#......)..#....#.#
#.#......#########.##.##
#.##..#.## #.#### #.
#..#.# #.# #. #..#.# #.#


You could see a goblin (strong).

Vanquished Creatures
  Jessica (D:2)
  2 adders (D:2)
  4 dart slugs
  A ball python (D:1)
  7 goblins
  5 hobgoblins
  4 bats
  A frilled lizard (D:2)
  2 kobolds
  A rat (D:1)
28 creatures vanquished.

Notes
Turn   | Place    | Note
-------+----------+-------------------------------------------
     0 | D:1      | silenth the Deep Elf Berserker began the quest for the Orb.
     0 | D:1      | Reached XP level 1. HP: 13/13 MP: 3/3
   353 | D:1      | Reached skill level 3 in Long Blades
   389 | D:1      | Reached XP level 2. HP: 18/18 MP: 4/4
  1185 | D:2      | Reached XP level 3. HP: 17/22 MP: 5/5
  1398 | D:2      | Noticed Jessica
  1426 | D:2      | Killed Jessica
  1426 | D:2      | Reached skill level 3 in Fighting
  1576 | D:2      | Found a shadowy altar of Dithmenos.
  1586 | D:2      | Reached XP level 4. HP: 28/28 MP: 6/6
  1592 | D:2      | Reached skill level 4 in Long Blades
  1606 | D:2      | Noticed Robin
  1622 | D:2      | Gained mutation: You are resistant to electric shocks.
                  | (rElec) [potion of mutation]
  1622 | D:2      | Gained mutation: Your flesh is heat resistant. (rF+)
                  | [potion of mutation]
  1622 | D:2      | Gained mutation: You have sharp fingernails. [potion of
                  | mutation]
  1679 | D:2      | HP: 2/28 [goblin[Robin] (4)]
  1680 | D:2      | Shot with a stone by a goblin

Illustrated notes

Levels and vault maps discovered:
D:1:      sevenhm_arrival_forest_fort_large_4, layout_loops_ring
D:2:      layout_loops_ring, old_standard_altar, uniq_jessica, uniq_natasha,
          uniq_robin

Skill      XL: |  1  2  3  4 |
---------------+-------------+-----
Long Blades    | 3 4 |  4.0
Fighting       | 3 |  3.1
Armour         | |  1.5
Dodging        | |  2.4

Action                   |  1- 3 |  4- 6 || total
-------------------------+-------+-------++-------
Melee: Falchion          |    38 |       ||    38
       Scimitar          |     5 |    19 ||    24
Invok: Berserk           |     4 |       ||     4
  Use: Scroll            |     2 |       ||     2
       Potion            |       |     1 ||     1
Armor: Animal skin       |     5 |       ||     5
       Robe              |     4 |     4 ||     8
Dodge: Dodged            |    30 |    25 ||    55
       Rpst.: Falchion   |     8 |       ||     8
       Scimitar          |     5 |     7 ||    12

Table legend: (Time is in decaauts)
 A = Elapsed time spent in this place.
 B = Non-inter-level travel time spent in this place.
 C = Inter-level travel time spent in this place.
 D = Time resting spent in this place.
 E = Time spent auto-exploring this place.
 F = Levels seen in this place.
 G = Mean time per level.
                   A        B        C        D        E       F      G
               +--------+--------+--------+--------+--------+-----+--------+
         Total |   1732 |   1691 |     41 |    620 |    822 |   2 |  866.0 |
       Dungeon |   1732 |   1691 |     41 |    620 |    822 |   2 |  866.0 |
               +--------+--------+--------+--------+--------+-----+--------+

Top non-repeatable levels by time:
     D:1: 1181 daAuts
     D:2: 551 daAuts
